 Dungeon Crawl Stone Soup version 0.24.0-13-gcf9b319 (webtiles) character file.

Game seed: 16602384407731961210, levelgen mode: deterministic

27 Boetheseconed the Skirmisher (level 3, -4/35 HPs)
             Began as a Gnoll Abyssal Knight on Nov 27, 2019.
             Was a Follower of Lugonu.
             Slain by a jumping spider (18 damage)
             ... summoned by a worldbinder
             ... on level 1 of the Abyss.
             The game lasted 00:02:07 (338 turns).

Boetheseconed the Skirmisher (Gnoll Abyssal Knight)  Turns: 338, Time: 00:02:08

Health: -4/35      AC:  3    Str: 15    XL:     3   Next: 10%
Magic:  6/6        EV:  6    Int: 14    God:    Lugonu [*.....]
Gold:   14         SH:  0    Dex: 14    Spells: 3/3 levels left

rFire    . . .     SeeInvis .   a - +1 falchion
rCold    . . .     Gourm    .   (no shield)
rNeg     . . .     Faith    .   b - +0 leather armour
rPois    .         Spirit   .   (no helmet)
rElec    .         Reflect  .   (no cloak)
rCorr    .         Harm     .   (no gloves)
MR       .....                  (no boots)
Stlth    +.........             (no amulet)
HPRegen  0.11/turn              (no ring)
MPRegen  0.10/turn              (no ring)

@: held
A: distributed training, fangs 1, strong nose
a: Depart the Abyss, Renounce Religion


You were on level 1 of the Abyss.
You worshipped Lugonu.
Lugonu was aware of your devotion.
You were not hungry.

You visited 0 branches of the dungeon, and saw 0 of its levels.
You visited the Abyss 1 time.

You collected 14 gold pieces.

Inventory:

Hand Weapons
 a - a +1 falchion (weapon)
Armour
 b - a +0 leather armour (worn)
Scrolls
 d - a scroll of enchant weapon {unknown}
Potions
 e - a potion of mutation {unknown}
Comestibles
 c - 2 rations


   Skills:
 + Level 6.5 Fighting
 + Level 0.6 Short Blades
 + Level 4.5 Long Blades
 + Level 0.6 Axes
 + Level 0.6 Maces & Flails
 + Level 0.6 Polearms
 + Level 0.6 Staves
 + Level 0.6 Slings
 + Level 0.6 Bows
 + Level 0.6 Crossbows
 + Level 0.6 Throwing
 + Level 4.5 Armour
 + Level 2.5 Dodging
 + Level 0.6 Stealth
 + Level 0.6 Shields
 + Level 0.6 Unarmed Combat
 + Level 0.6 Spellcasting
 + Level 0.4 Conjurations
 + Level 0.4 Hexes
 + Level 0.4 Charms
 + Level 0.4 Summonings
 + Level 0.4 Necromancy
 + Level 0.4 Translocations
 + Level 0.4 Transmutations
 + Level 0.4 Fire Magic
 + Level 0.4 Ice Magic
 + Level 0.4 Air Magic
 + Level 0.4 Earth Magic
 + Level 0.4 Poison Magic
 + Level 4.5 Invocations
 + Level 0.6 Evocations


You had 3 spell levels left.
You didn't know any spells.
Your spell library was empty.

Dungeon Overview and Level Annotations

Branches:
Dungeon (0/15)

Altars:


Innate Abilities, Weirdness & Mutations

Your experience applies equally to all skills.
You have very sharp teeth.
Your uncanny sense of smell can sniff out nearby items.


Message History

The worldbinder calls forth creatures from the Spider Nest!
A thrashing horror comes into view.
The thrashing horror moves out of view.
The jumping spider disappears in a puff of smoke!
A small abomination comes into view.
A starcursed mass comes into view.
A smoke demon comes into view.
The worldbinder calls forth creatures from the Spider Nest!
A starcursed mass splits.
The jumping spider leaps!
The starcursed mass shrieks in your mind.
The jumping spider leaps! x2
A starcursed mass splits.
The jumping spider leaps!
The jumping spider pounces on you!
You are caught in a web!
The jumping spider bites you.
There is a web, spattered with blood here.
You struggle to detach yourself from the web.
The jumping spider pounces on you!!
Ouch! That really hurt!
You die...

# #. #####.## #
##....#..#.
#@###. ... .
##s#....#...
#....... #
##xX..#..
####°X##XX.#.
###....##.#....
#...##...X...#
..
#.##....####..
..# # #.#...#


You could see 3 starcursed masses, a thrashing horror, a worldbinder and a
jumping spider.

Vanquished Creatures
  An iron imp (Abyss:1)
1 creature vanquished.

Vanquished Creatures (others)
  A quasit (Abyss:1)
  8 starspawn tentacles (Abyss:1)
9 creatures vanquished.

Grand Total: 10 creatures vanquished

Notes
Turn   | Place    | Note
-------+----------+-------------------------------------------
     0 | Abyss:1  | Boetheseconed the Gnoll Abyssal Knight began the quest for
                  | the Orb.
     0 | Abyss:1  | Reached XP level 1. HP: 23/23 MP: 3/3
    40 | Abyss:1  | Noticed an ancient zyme
    58 | Abyss:1  | Noticed a rust devil
    67 | Abyss:1  | Found a corrupted altar of Lugonu.
   114 | Abyss:1  | Found a corrupted altar of Lugonu.
   121 | Abyss:1  | Killed a quasit
   158 | Abyss:1  | Noticed an air elemental
   160 | Abyss:1  | Noticed a spatial vortex
   161 | Abyss:1  | Noticed an iron imp
   171 | Abyss:1  | Killed an iron imp
   171 | Abyss:1  | Reached XP level 2. HP: 13/29 MP: 5/5
   171 | Abyss:1  | Reached XP level 3. HP: 16/35 MP: 6/6
   231 | Abyss:1  | Noticed a tentacled starspawn
   239 | Abyss:1  | Noticed a starcursed mass
   241 | Abyss:1  | Noticed a large abomination
   241 | Abyss:1  | Noticed a hungry ghost
   268 | Abyss:1  | Noticed a spatial vortex
   269 | Abyss:1  | Noticed a spatial vortex
   272 | Abyss:1  | Noticed a spatial vortex
   314 | Abyss:1  | Noticed a worldbinder
   320 | Abyss:1  | Noticed a jumping spider
   327 | Abyss:1  | Noticed a thrashing horror
   330 | Abyss:1  | Noticed a starcursed mass
   330 | Abyss:1  | Noticed a smoke demon
   333 | Abyss:1  | Noticed a jumping spider
   333 | Abyss:1  | Noticed a jumping spider
   333 | Abyss:1  | Noticed a jumping spider
   338 | Abyss:1  | Slain by a jumping spider

Levels and vault maps discovered:
Abyss:1:  lemuel_flamethrower_2

Action                   || total
-------------------------++-------
Melee: Falchion          ||     7
Dodge: Dodged            ||     3
       Rpst.: Falchion   ||     1
